 Dungeon Crawl Stone Soup version 0.29-a0-317-gd16b76e6b1 (webtiles) character file.

Game seed: 7267739340869972386

516 Dabor the Shield-Bearer (level 7, -3/44 HPs)
             Began as a Gargoyle Fighter on Mar 30, 2022.
             Was a Plaything of Xom.
             Slain by an orc warrior
             ... wielding a +0 trident
              (7 damage)
             ... on level 4 of the Dungeon.
             The game lasted 00:05:47 (3457 turns).

Dabor the Shield-Bearer (Gargoyle Fighter)          Turns: 3457, Time: 00:05:48

Health: -3/44      AC: 14    Str: 20 (21) XL:     7   Next: 20%
Magic:  16/16      EV:  9    Int:  8 (9)  God:    Xom [...*..]
Gold:   332        SH:  4    Dex:  8 (9)  Spells: 6/6 levels left

rFire   . . .      SeeInvis .   a - +0 flail
rCold   . . .      Faith    .   c - +0 buckler
rNeg    + . .      Spirit   .   b - +0 scale mail
rPois   ∞          Reflect  .   i - +0 helmet
rElec   +          Harm     .   g - +0 cloak
rCorr   .          Rampage  .   (no gloves)
Will    +....                   (no boots)
Stlth   ..........              m - amulet of magic regeneration
HPRegen 0.14/turn               p - ring of magical power
MPRegen 0.55/turn               k - ring of willpower

@: mighty
A: sickness immunity, AC +4, negative energy resistance 1, electricity
resistance, torment resistance 1, petrification resistance
a: Renounce Religion


You were on level 4 of the Dungeon.
You worshipped Xom.
You were a favourite toy of Xom.
You visited 1 branch of the dungeon, and saw 4 of its levels.

You collected 332 gold pieces.

Inventory:

Hand Weapons
 a - a +0 flail (weapon)
Missiles
 u - 7 poisoned darts (quivered)
Armour
 b - a +0 scale mail (worn)
 c - a +0 buckler (worn)
 g - a +0 cloak (worn)
 i - a +0 helmet (worn)
Jewellery
 k - a ring of willpower (right hand)
 m - an amulet of magic regeneration (around neck)
 p - a ring of magical power (left hand)
Scrolls
 e - 2 scrolls of immolation
 f - 2 scrolls of fear
 j - 3 scrolls of vulnerability
 l - a scroll of holy word
 t - a scroll of enchant weapon
 w - a scroll of torment
 y - a scroll of teleportation {unknown}
Potions
 h - a potion of cancellation
 n - a potion of attraction {unknown}
 r - a potion of berserk rage {unknown}
 s - 2 potions of brilliance {unknown}
 v - 2 potions of mutation {unknown}
 x - a potion of curing {unknown}


   Skills:
 * Level 4.9 Fighting
 * Level 3.7 Maces & Flails
 * Level 4.8 Armour
 * Level 2.2 Dodging
 * Level 4.9 Shields
 + Level 0.2 Spellcasting
 + Level 0.3 Translocations


You had 6 spell levels left.
You didn't know any spells.
Your spell library contained the following spells:

 Spells                   Type           Power      Damage    Failure   Level
 Slow                     Hex            0%         N/A       83%         1
 Blink                    Tloc           0%         N/A       89%         2
 Wereblood                Tmut           0%         N/A       93%         2
 Manifold Assault         Tloc           0%         N/A       100%        5
 Storm Form               Tmut/Air       0%         N/A       100%        7
 Summon Hydra             Summ           0%         N/A       100%        7
 Sublimation of Blood     Necr           Unusable   N/A       N/A         2

Dungeon Overview and Level Annotations

Branches:
Dungeon (4/15)             Temple (0/1) D:4

Altars:
Hepliaklqana
Xom


Innate Abilities, Weirdness & Mutations

You are immune to sickness and miasma.
Your stone body is resilient. (AC +4)
You are immune to poison.
You resist negative energy. (rN+)
You are resistant to electric shocks. (rElec)
You are resistant to unholy torment.
You are immune to petrification.


Message History

The orc warrior hits you with a +0 trident.
You hit the orc warrior.
The orc warrior is moderately wounded.
You block the orc warrior's attack.
You hit the orc warrior.
The orc warrior is moderately wounded.
You block the orc warrior's attack.
You hit the orc warrior.
The orc warrior is moderately wounded.
The orc warrior closely misses you.
You closely miss the orc warrior.
The orc warrior is moderately wounded.
The orc warrior hits you with a +0 trident!
* * * LOW HITPOINT WARNING * * *
The orc warrior barely misses you.
It was a potion of degeneration.
There was something very wrong with that liquid.
You feel weakened.
You feel dopey.
You feel clumsy.
Xom thinks this is hilarious!
You block the orc warrior's attack.
You feel very mighty all of a sudden.
The orc warrior hits you with a +0 trident.
* * * LOW HITPOINT WARNING * * *
You barely miss the orc warrior.
The orc warrior is moderately wounded.
You block the orc warrior's attack.
You closely miss the orc warrior.
The orc warrior is moderately wounded.
The orc warrior hits you with a +0 trident!
You die... "Leave my teddy bear alone!"
Xom revives you!
You closely miss the orc warrior.
The orc warrior is moderately wounded.
The orc warrior hits you but does no damage.
You barely miss the orc warrior.
The orc warrior is moderately wounded.
The orc warrior hits you with a +0 trident!
You die...
Xom thinks this is hilarious!

###.....##
#..###....#..#.
#..##.....##.#.
######..##.#.#..#.'.
##...##...#........#.
##.....!............#.
#...$...?...........##
#...o)................
#....@................
##>..........########.
##...##.......### #..
#######........# #..
##.###.$.###..
#.#..........
#####.#.......#..
#.....#.....##..#
#.....)..........


You could see an orc warrior.

Vanquished Creatures
  A black bear (D:4)
  A kobold brigand (D:4)
  A necrophage (D:4)
  A scorpion (D:4)
  A hound (D:4)
  An orc priest (D:4)
  An orc wizard (D:3)
  A gnoll (D:1)
  3 adders
  An ufetubus (D:4)
  3 worms
  2 dart slugs
  6 orcs
  5 ball pythons
  7 endoplasms
  6 giant cockroaches
  2 goblins
  3 hobgoblins (D:4)
  5 jackals
  A quokka (D:1)
  A bat (D:3)
  2 frilled lizards
  5 kobolds
  4 rats
64 creatures vanquished.

Vanquished Creatures (collateral kills)
  4 gnolls (D:3)
  A frilled lizard (D:3)
5 creatures vanquished.

Vanquished Creatures (others)
  A hobgoblin (D:4)
  A quokka (D:4)
2 creatures vanquished.

Grand Total: 71 creatures vanquished

Notes
Turn   | Place    | Note
-------+----------+-------------------------------------------
     0 | D:1      | Dabor the Gargoyle Fighter began the quest for the Orb.
     0 | D:1      | Reached XP level 1. HP: 14/14 MP: 1/1
   143 | D:1      | Reached XP level 2. HP: 16/19 MP: 2/2
   424 | D:1      | Reached XP level 3. HP: 20/23 MP: 3/3
   465 | D:1      | Found a faded altar of an unknown god.
   482 | D:1      | Got Plato's Guide on Beguiling
   670 | D:1      | Prayed at the altar of an unknown god.
   670 | D:1      | Became a worshipper of Xom of Chaos
   753 | D:2      | XOM: silly message
   821 | D:2      | XOM: silly message
   974 | D:2      | XOM: silly message
  1163 | D:2      | XOM: stat loss: -1 Dex (8/9)
  1541 | D:2      | Reached XP level 4. HP: 29/29 MP: 4/4
  1573 | D:3      | XOM: summons 4 friendly demons
  1595 | D:3      | Reached skill level 1 in Dodging
  1631 | D:3      | XOM: silly message
  1694 | D:3      | XOM: destruction
  1958 | D:3      | Reached XP level 5. HP: 23/33 MP: 5/5
  2009 | D:3      | XOM: silly message
  2166 | D:3      | XOM: god gift: scroll labelled ELIL BADIVOSSIEJ {god gift}
  2183 | D:3      | Found a hazy altar of Hepliaklqana.
  2288 | D:3      | XOM: polymorph jackal -> endoplasm
  2509 | D:4      | Noticed a kobold brigand
  2715 | D:4      | Killed a kobold brigand
  2736 | D:4      | Reached XP level 6. HP: 32/39 MP: 6/6
  2747 | D:4      | Found a shimmering altar of Xom.
  2758 | D:4      | Noticed a black bear
  2773 | D:4      | XOM: enchant monster (bad)
  2778 | D:4      | Killed a black bear
  3138 | D:4      | XOM: god gift: 29 gold pieces
  3214 | D:4      | Found a staircase to the Ecumenical Temple.
  3282 | D:4      | XOM: smoke on damage
  3293 | D:4      | Reached XP level 7. HP: 25/44 MP: 7/7
  3455 | D:4      | Xom revived you
  3457 | D:4      | Slain by an orc warrior

Illustrated notes

Levels and vault maps discovered:
D:1:      eino_arrival_water_cross, layout_basic,
          shapermc_ecumenical_altar_rom_forum
D:2:      layout_loops_ring
D:3:      layout_rooms, mainiacjoe_overflow_24_doors
D:4:      layout_rooms, amcnicky_altar_gilded, lemuel_temple_firewalk_b

Skill      XL: |  1  2  3  4  5  6 |
---------------+-------------------+-----
Fighting       | 4 |  4.9
Dodging        | 1 2 |  2.2
Shields        | 4 |  4.9
Armour         | 4 |  4.8
Maces & Flails | 3 |  3.7
Spellcasting   | |  0.2
Translocations | |  0.3

Action                   |  1- 3 |  4- 6 |  7- 9 || total
-------------------------+-------+-------+-------++-------
Melee: Flail             |    89 |   184 |    22 ||   295
Throw: Dart              |       |     9 |       ||     9
  Use: Scroll            |       |     7 |       ||     7
       Potion            |       |     1 |     3 ||     4
Armor: Scale mail        |    38 |   112 |     9 ||   159
Dodge: Dodged            |    53 |   102 |    13 ||   168
Block: Buckler           |    12 |    50 |    10 ||    72

Table legend: (Time is in decaauts)
 A = Elapsed time spent in this place.
 B = Non-inter-level travel time spent in this place.
 C = Inter-level travel time spent in this place.
 D = Time resting spent in this place.
 E = Time spent auto-exploring this place.
 F = Levels seen in this place.
 G = Mean time per level.
                   A        B        C        D        E       F      G
               +--------+--------+--------+--------+--------+-----+--------+
         Total |   3543 |   3413 |    130 |    176 |   2525 |   4 |  885.8 |
       Dungeon |   3543 |   3413 |    130 |    176 |   2525 |   4 |  885.8 |
               +--------+--------+--------+--------+--------+-----+--------+

Top non-repeatable levels by time:
     D:3: 1146 daAuts
     D:2: 875 daAuts
     D:4: 806 daAuts
     D:1: 714 daAuts
